 Dungeon Crawl Stone Soup version 0.13.0-6-g40e4d2d (webtiles) character file.

176 Malachi the Changer (level 4, -7/32 HPs)
             Began as a Merfolk Transmuter on Oct 15, 2013.
             Killed from afar by an orc wizard (11 damage)
             ... with a puff of frost
             ... on Level 3 of the Dungeon.
             The game lasted 00:03:02 (2277 turns).

Malachi the Changer (Merfolk Transmuter)            Turns: 2277, Time: 00:03:03

HP  -7/32        AC  2     Str 10      XL: 4   Next: 75%
MP   2/6         EV 13     Int 13      God:
Gold 75          SH  0     Dex 14      Spells:  2 memorised,  3 levels left

Res.Fire  : . . .   See Invis. : .     - Unarmed
Res.Cold  : . . .   Warding    : .   c - +0 robe
Life Prot.: . . .   Conserve   : .   (no shield)
Res.Poison: .       Res.Corr.  : .   (no helmet)
Res.Elec. : .       Clarity    : .   (no cloak)
Sust.Abil.: . .     Spirit.Shd : .   (no gloves)
Res.Mut.  : .       Stasis     : .   (no boots)
Res.Rott. : .       Flight     : .   (no amulet)
Saprovore : . . .                    (no ring)
                                     (no ring)

@: invisible, very slightly contaminated, slightly resistant to hostile
enchantments, unstealthy
A: change form in water, swift swim
a: no special abilities


You were on level 3 of the Dungeon.
You were hungry.

You visited 1 branch of the dungeon, and saw 3 of its levels.

You collected 55 gold pieces.

Inventory:

Missiles
 b - 12 arrows
Armour
 c - a +0 robe (worn)
Magical devices
 r - a wand of flame (9)
Comestibles
 a - 3 bread rations
 m - a meat ration
 o - 2 pears
Scrolls
 f - a scroll of blinking {unknown}
 h - a scroll of amnesia {unknown}
 i - a scroll of fear {unknown}
 j - 2 scrolls of identify {unknown}
 k - a scroll of curse weapon {unknown}
 l - 4 scrolls of remove curse {unknown}
 s - a scroll of teleportation {unknown}
Jewellery
 n - a +3 ring of protection {unknown}
Potions
 e - 3 potions of curing
 p - a potion of slowing
 q - a potion of brilliance {unknown}
 t - 2 potions of heal wounds {unknown}
Books
 d - a book of Changes

   Spells                             Type                      Level
   *Beastly Appendage                 Transmutation                1
   Sticks to Snakes                   Transmutation                2
   *Spider Form                       Transmutation/Poison         3
   Ice Form                           Ice/Transmutation            4
   Blade Hands                        Transmutation                5


   Skills:
 - Level 1.1 Fighting
 - Level 2.9 Dodging
 + Level 4.1 Unarmed Combat
 - Level 2.1 Spellcasting
 * Level 5.3 Transmutations


You had 3 spell levels left.
You knew the following spells:

 Your Spells              Type           Power        Failure   Level  Hunger
a - Beastly Appendage     Trmt           ###...       3%          1    ##.....
b - Spider Form           Trmt/Pois      #.........   28%         3    ####...


Dungeon Overview and Level Annotations

Branches:
Dungeon (3/27)

Altars:


Message History

The orc wizard hits you with an orcish whip.
You completely miss the orc wizard.
The orc wizard is lightly wounded.
The orc wizard misses you.
The orc wizard hits you with an orcish whip.
You closely miss the orc wizard.
The orc wizard is lightly wounded.
The orc wizard closely misses you.
You miss the orc wizard.
The orc wizard is lightly wounded.
The orc wizard gestures at you while chanting.
The magic dart hits you!
* * * LOW HITPOINT WARNING * * *
Drink which item? (? for menu, Esc to quit)
You fade into invisibility!
It was a potion of invisibility.
The orc wizard closely misses you.
The orc wizard hits you but does no damage.
The orc wizard points at something and mumbles some strange words.
The puff of frost hits you!
You die...

>### #......# .# ##
#.####.# .# # #.#
#.# .# ## #.# #.#
.# .# #.####.###.#
.# #..........#
.#######.####....##
.........# ####.#
(.######## #@# ..#
#.# ..# #o# ..#


ro# ..# ##%# .(####.##.### #.. .........#.. ..# #.#######.#### ###
#............##### You could see an orc wizard, an orc and a rat.

Vanquished Creatures
  Jessica (D:2)
  5 adders
  A giant gecko (D:2)
  An orc (D:3)
  A ball python (D:2)
  4 giant cockroaches
  5 hobgoblins
  3 kobolds
  2 quokkas (D:2)
  6 bats (D:1)
  2 giant newts (D:2)
  4 goblins
  4 rats
39 creatures vanquished.

Notes
Turn   | Place    | Note
--------------------------------------------------------------
     0 | D:1      | Malachi, the Merfolk Transmuter, began the quest for the Orb.
     0 | D:1      | Reached XP level 1. HP: 15/15 MP: 1/1
   344 | D:1      | Reached XP level 2. HP: 18/21 MP: 3/3
   722 | D:2      | Reached skill level 4 in Transmutations
   906 | D:2      | Reached XP level 3. HP: 26/26 MP: 4/4
  1196 | D:2      | Noticed Jessica
  1203 | D:2      | Killed Jessica
  1203 | D:2      | Reached skill level 5 in Transmutations
  1203 | D:2      | Reached XP level 4. HP: 8/32 MP: 4/6
  1250 | D:2      | Learned a level 3 spell: Spider Form
  2277 | D:3      | Killed from afar by an orc wizard

Action                   |  1- 3 |  4- 6 || total
-------------------------+-------+-------++-------
Melee: Unarmed           |    81 |    97 ||   178
 Cast: Beastly Appendage |     2 |       ||     2
  Use: Potion            |       |     4 ||     4
 Stab: Sleeping          |     2 |       ||     2
